 Dungeon Crawl Stone Soup version 0.31.0-11-ge490571c62 (webtiles) character file.

Game seed: 943697684916926585

47 protoss039 the Digger (level 3, -2/24 HPs)
             Began as a Demonspawn Earth Elementalist on Jan 31, 2024.
             Killed by divine providence
             ... invoked by an orc priest
              (16 damage)
             ... on level 3 of the Dungeon.
             The game lasted 00:03:37 (1927 turns).

protoss039 the Digger (DsEE)                        Turns: 1927, Time: 00:03:38

Health: -2/24      AC:  3    Str:  8    XL:     3   Next: 48%
Magic:  0/6        EV: 12    Int: 17    God:
Gold:   128        SH:  0    Dex: 13    Spells: 2/6 levels left

rFire   . . .        b - +0 dagger
rCold   . . .        (no shield)
rNeg    . . .        a - +0 robe
rPois   .            (no helmet)
rElec   .            (no cloak)
rCorr   .            (no gloves)
SInv    .            l - +0 pair of boots
Will    .....        g - amulet of regeneration
Stlth   ++           (no ring)
HPRegen 1.04/turn    (no ring)
MPRegen 0.10/turn

%: no passive effects
@: no status effects
A: hooves 1
a: no special abilities


You were on level 3 of the Dungeon.
You visited 1 branch of the dungeon, and saw 3 of its levels.

You collected 128 gold pieces.

Inventory:

Hand Weapons
 b - a +0 dagger (weapon)
Missiles
 k - 6 curare-tipped darts
Armour
 a - a +0 robe (worn)
 l - a +0 pair of boots (worn)
Jewellery
 g - an amulet of regeneration (around neck)
Scrolls
 c - a scroll of fog {unknown}
 e - 2 scrolls of identify {unknown}
 h - a scroll of brand weapon {unknown}
 i - a scroll of poison {unknown}
 m - a scroll of blinking {unknown}
 o - a scroll of vulnerability {unknown}
 q - a scroll of teleportation {unknown}
Potions
 d - 4 potions of resistance {unknown}
 f - a potion of enlightenment {unknown}
 j - a potion of attraction {unknown}
 n - 2 potions of magic
 p - a potion of cancellation {unknown}


   Skills:
 * Level 0.1 Fighting
 * Level 2.2 Dodging
 * Level 2.2 Stealth
 + Level 2.4 Spellcasting
 + Level 1.6 Conjurations
 + Level 3.0 Earth Magic


You had 2 spell levels left.
You knew the following spells:

 Your Spells              Type           Power      Damage    Failure   Level
a - Sandblast             Erth           24%        2d8       5%          1
b - Passwall              Erth           12%        N/A       16%         3

Your spell library contained the following spells:

 Spells                   Type           Power      Damage    Failure   Level
 Kiss of Death            Conj/Necr      16%        2d6       13%         1
 Mercury Vapours          Alch/Air       4%         N/A       28%         2
 Stone Arrow              Conj/Erth      18%        3d8       22%         3
 Mephitic Cloud           Conj/Alch/Air  3%         N/A       41%         3
 Confusing Touch          Hex            2%         N/A       50%         3
 Brom's Barrelling Bould  Conj/Erth      9%         2d3       56%         4
 Petrify                  Alch/Erth      7%         N/A       69%         4
 Dispel Undead            Necr           2%         3d7       88%         4
 Freezing Cloud           Conj/Ice/Air   1%         6-21      99%         5


Dungeon Overview and Level Annotations

Branches:
Dungeon (3/15) Zot: 16043

Altars:

Shops:
D:2 [


Innate Abilities, Weirdness & Mutations

You have large cloven feet.


Message History

The blast of sand hits the orc priest!
The orc priest is severely wounded.
The orc priest looks braver for a moment.
Unknown command.
Casting: Sandblast (safe; 5% risk of failure)
Confirm with . or Enter, or press ? or * to list all spells.
Aiming: Sandblast (safe; 5% risk of failure)
Press: ? - help, Shift-Dir - straight line, f/p - orc priest
Aim: an orc priest, wielding a +0 trident (severely wounded, 82% to hit)
The blast of sand misses the orc priest.
The orc priest closely misses you. The orc priest barely misses you.
Unknown command.
Unknown command.
Casting: Sandblast (safe; 5% risk of failure)
Confirm with . or Enter, or press ? or * to list all spells.
You don't have enough magic to cast this spell.
Unknown command.
Unknown command.
The orc priest calls down the wrath of Beogh upon you.
Pain shoots through your body!
You hit the orc priest but do no damage.
The orc priest is severely wounded.
The orc priest hits you with a +0 trident.
You barely miss the orc priest.
The orc priest is severely wounded.
The orc priest misses you.
You closely miss the orc priest.
The orc priest is severely wounded.
The orc priest hits you with a +0 trident.
Casting: Sandblast (safe; 5% risk of failure)
Confirm with . or Enter, or press ? or * to list all spells.
Aiming: Sandblast (safe; 5% risk of failure)
Press: ? - help, Shift-Dir - straight line, f/p - orc priest
Aim: an orc priest, wielding a +0 trident (severely wounded, 82% to hit)
The blast of sand hits the orc priest but does no damage.
The orc priest is severely wounded.
The orc priest invokes the aid of Beogh against you.
Beogh smites you!
Ouch! That really hurt!
You die...

#..#.# #..#.# #..#.#
#..#.# #..#.##
#.....#######
#...........#
#####....#####.#
#.oo@........#.####
#.##########.#....###
#......... #####.....
#..### #..# #..# #..#
#..#


You could see an orc priest and an orc.

Vanquished Creatures
  A ribbon worm (D:2)
  A dart slug (D:2)
  An orc (D:3)
  4 endoplasms
  4 goblins
  4 hobgoblins
  7 jackals
  3 kobolds
  A quokka (D:1)
  2 ball pythons (D:1)
  2 bats (D:1)
  5 frilled lizards
  3 rats
38 creatures vanquished.

Notes
Turn   | Place    | Note
-------+----------+-------------------------------------------
     0 | D:1      | protoss039 the Demonspawn Earth Elementalist began the
                  | quest for the Orb.
     0 | D:1      | Reached XP level 1. HP: 13/13 MP: 3/3
   399 | D:1      | Gained mutation: You have large cloven feet. [demonic
                  | ancestry]
   399 | D:1      | Reached XP level 2. HP: 19/19 MP: 0/5
  1204 | D:2      | Reached XP level 3. HP: 12/24 MP: 0/6
  1604 | D:2      | Found Onoohuell's Armour Boutique.
  1623 | D:2      | Reached skill level 3 in Earth Magic
  1789 | D:2      | Learned a level 3 spell: Passwall
  1927 | D:3      | Killed from afar by an orc priest

Illustrated notes

Levels and vault maps discovered:
D:1:      erik_arrival_blinker_ship, layout_loops_ring, minmay_nonomino_d4
D:2:      layout_basic, serial_shops, shop, minmay_misc_feat_columns,
          hangedman_abyss_or_decor_stabs
D:3:      layout_loops_ring, hangedman_decor_lopped

Skill      XL: |  1  2  3 |
---------------+----------+-----
Stealth        | 2 |  2.2
Dodging        | 2 |  2.2
Earth Magic    | 3 |  3.0
Fighting       | |  0.1
Spellcasting   | |  2.4
Conjurations   | |  1.6

Action                     || total
---------------------------++-------
  Melee: Unarmed           ||    19
         Kick              ||     7
         Dagger            ||    20
   Cast: Sandblast         ||    60
    Use: Potion            ||     1
   Stab: Sleeping          ||     2
 Armour: Robe              ||    38
  Dodge: Dodged            ||    45
